 Dungeon Crawl Stone Soup version 0.28-a0-119-ga52ba8600a (webtiles) character file.

Game seed: 14430582394977506051

132 theanonym the Skirmisher (level 4, -1/37 HPs)
             Began as a Mummy Brigand on Aug 13, 2021.
             Slain by a gnoll (7 damage)
             ... on level 2 of the Dungeon.
             The game lasted 00:05:34 (4384 turns).

theanonym the Skirmisher (Mummy Brigand)            Turns: 4384, Time: 00:05:35

Health: -1/37      AC: 10    Str: 15    XL:     4   Next: 92%
Magic:  4/4        EV:  6    Int: 10    God:
Gold:   106        SH:  0    Dex: 13    Spells: 3/3 levels left

rFire   x . .      SeeInvis .   a - +2 dagger
rCold   + . .      Faith    .   (no shield)
rNeg    + + +      Spirit   .   b - +0 chain mail
rPois   ∞          Reflect  .   (no helmet)
rElec   .          Harm     .   c - +0 cloak
rCorr   .          Rampage  .   g - +0 pair of gloves
Will    .....                   (no boots)
Stlth   ..........              (no amulet)
HPRegen 0.12/turn               l - ring of wizardry
MPRegen 0.09/turn               (no ring)

@: no status effects
A: cold resistance 1, negative energy resistance 3, torment resistance 2, heat
vulnerability 1, no potions
a: no special abilities


Innate Abilities, Weirdness & Mutations

You are immune to poison.
Your flesh is cold resistant. (rC+)
You are immune to negative energy. (rN+++)
You are immune to unholy pain and torment.
You are vulnerable to heat. (rF-)
You do not drink.


   Skills:
 + Level 3.7 Fighting
 - Level 1.5 Short Blades
 * Level 2.7 Maces & Flails
 - Level 1.5 Throwing
 - Level 0.7 Dodging
 - Level 3.2 Stealth


You had 3 spell levels left.
You didn't know any spells.
Your spell library contained the following spells:

 Spells                   Type           Power      Damage    Failure   Level
 Passwall                 Tmut/Erth      0%         N/A       99%         2
 Swiftness                Air            0%         N/A       100%        3
 Invisibility             Hex            0%         N/A       100%        6

Skill      XL: |  1  2  3  4 |
---------------+-------------+-----
Fighting       | 3 |  3.7
Maces & Flails | 1 2 |  2.7
Short Blades   | |  1.5
Throwing       | |  1.5
Dodging        | |  0.7
Stealth        | |  3.2

Action                   |  1- 3 |  4- 6 || total
-------------------------+-------+-------++-------
Melee: Dagger            |    89 |   196 ||   285
Throw: Dart              |       |     1 ||     1
  Use: Scroll            |       |     1 ||     1
 Stab: Sleeping          |     7 |     1 ||     8
Armor: Robe              |     9 |       ||     9
       Ring mail         |    10 |     3 ||    13
       Chain mail        |       |   178 ||   178
Dodge: Dodged            |    31 |    74 ||   105

Inventory:

Hand Weapons
 a - a +2 dagger (weapon)
 j - a +0 whip
Missiles
 d - 7 poisoned darts (quivered)
 e - 10 curare-tipped darts
Armour
 b - a +0 chain mail (worn)
 c - a +0 cloak (worn)
 g - a +0 pair of gloves (worn)
Jewellery
 l - a ring of wizardry (left hand)
Scrolls
 f - 5 scrolls of identify {unknown}
 h - a scroll of enchant weapon {unknown}
 k - a scroll of torment {unknown}
 m - a scroll of amnesia {unknown}
 n - a scroll of holy word {unknown}
 t - a scroll of teleportation


You were on level 2 of the Dungeon.
You visited 1 branch of the dungeon, and saw 3 of its levels.

You collected 106 gold pieces.

Dungeon Overview and Level Annotations

Branches:
Dungeon (3/15)

Altars:

#.#####.#.# #.#.#
#.......#.# #.#(#
#########.# #.#.#
#####'###...# ######
#......###..# #....#
#......# #..# #.##.#
#......# ##>#####.##.#
#......# #g##....##[#
#......# #@##.#####.#
######......####.##.##..#.#
.....'......+....##.....#.#
######......##.########.#.##
# #.....................# #
#.......##########.#### #
#####'#.# #######.# # #.#.#
#.......# # #.#.####.####..#


You could see a gnoll.

Notes
Turn   | Place    | Note
-------+----------+-------------------------------------------
     0 | D:1      | theanonym the Mummy Brigand began the quest for the Orb.
     0 | D:1      | Reached XP level 1. HP: 16/16 MP: 1/1
    76 | D:1      | HP: 8/16 [constriction (1)]
   445 | D:1      | Reached XP level 2. HP: 23/23 MP: 2/2
   719 | D:1      | Reached skill level 3 in Fighting
  1039 | D:1      | Reached skill level 1 in Maces & Flails
  1317 | D:2      | Reached XP level 3. HP: 29/29 MP: 3/3
  1713 | D:2      | HP: 13/29 [orc wizard (3)]
  1718 | D:2      | HP: 12/29 [constriction (1)]
  1724 | D:2      | Reached XP level 4. HP: 15/35 MP: 4/4
  1724 | D:2      | HP: 14/35 [orc (1)]
  1726 | D:2      | Reached skill level 2 in Maces & Flails
  4049 | D:3      | HP: 14/37 [something/puff of flame (7)]
  4075 | D:3      | HP: 15/37 [gnoll (2)]
  4377 | D:2      | HP: 16/37 [gnoll (6)]
  4381 | D:2      | HP: 6/37 [gnoll (5)]
  4384 | D:2      | Slain by a gnoll

Vanquished Creatures
  An orc wizard (D:2)
  A gnoll (D:2)
  2 adders
  2 worms
  A dart slug (D:1)
  3 orcs (D:2)
  4 endoplasms
  5 giant cockroaches
  7 goblins
  7 hobgoblins
  3 jackals (D:3)
  3 quokkas
  4 ball pythons
  6 bats
  6 frilled lizards
  6 kobolds
  5 rats
66 creatures vanquished.

Table legend: (Time is in decaauts)
 A = Elapsed time spent in this place.
 B = Non-inter-level travel time spent in this place.
 C = Inter-level travel time spent in this place.
 D = Time resting spent in this place.
 E = Time spent auto-exploring this place.
 F = Levels seen in this place.
 G = Mean time per level.
                   A        B        C        D        E       F      G
               +--------+--------+--------+--------+--------+-----+--------+
         Total |   4365 |   4044 |    321 |   1448 |   1991 |   3 | 1455.0 |
       Dungeon |   4365 |   4044 |    321 |   1448 |   1991 |   3 | 1455.0 |
               +--------+--------+--------+--------+--------+-----+--------+

Top non-repeatable levels by time:
     D:2: 1755 daAuts
     D:1: 1306 daAuts
     D:3: 1303 daAuts
